 Dungeon Crawl Stone Soup version 0.30-a0-243-gaa749bd8e4 (webtiles) character file.

Game seed: 1169079429835057039

204416 Jannitor the Fencer (level 18, -4/140 HPs)
             Began as an Armataur Chaos Knight on Oct 11, 2022.
             Was a Plaything of Xom.
             Slain by a vault warden
             ... wielding a +0 great mace
              (33 damage)
             ... on level 1 of the Vaults on Oct 12, 2022.
             The game lasted 01:28:02 (38601 turns).

Jannitor the Fencer (Armataur Chaos Knight)        Turns: 38601, Time: 01:28:02

Health: -4/140     AC: 27    Str: 28    XL:     18   Next: 1%
Magic:  27/27      EV:  9    Int: 15    God:    Xom [*.....]
Gold:   3824       SH: 15    Dex: 20    Spells: 17/17 levels left

rFire   + + +      SeeInvis +    F - +7 Singing Sword {vorpal, sonic wave}
rCold   + + .      Faith    .    R - +0 kite shield {AC+3}
rNeg    . . .      Spirit   .    P - +6 chain mail of Ofamof {rF+ Dex+6 Slay+3}
rPois   +          Reflect  .    (helmet restricted)
rElec   .          Harm     .    D - +1 cloak of Salvation {MP+9 Str+4}
rCorr   +          Roll     +    f - +0 pair of gloves of Undesirable Species {rPois rF+ Dex+3}
Will    ++...                    (no barding)
Stlth   ..........               m - amulet of the acrobat
HPRegen 0.43/turn                M - ring of Morality {rPois rC+ rCorr Dex+2}
MPRegen 0.20/turn                n - ring of willpower

@: about to teleport, studying Ice Magic, unable to read, unable to drink
A: large, rugged brown scales 3, deformed body, armoured tail, roll, long
tongue, awkward tongue, horns 1, iridescent scales 1, see invisible, cold
resistance 1, fire resistance 1, frail 2, inability to drink after injury 1,
inability to read after injury 1
}: 1/15 runes: serpentine
a: Renounce Religion


You were on level 1 of the Vaults.
You worshipped Xom.
You were a special plaything of Xom.
You visited 5 branches of the dungeon, and saw 28 of its levels.
You visited the Abyss 1 time.
You also visited: Gauntlet, Ice Cave and Volcano.

You collected 4594 gold pieces.
You spent 770 gold pieces at shops.

Inventory:

Hand Weapons
 F - the +7 Singing Sword (weapon) {vorpal, sonic wave}
   (You found it on level 7 of the Dungeon)

   It inflicts extra damage upon your enemies.
   It radiates damaging sonic waves as it strikes, especially in combat
   involving dangerous or numerous foes.
Missiles
 H - 12 curare-tipped darts
 O - 6 throwing nets
Armour
 f - the +0 pair of gloves of Undesirable Species (worn) {rPois rF+ Dex+3}
   (You found it on level 4 of the Lair of Beasts)

   Dex:       It affects your dexterity (+3).
   rF:        It protects you from fire.
   rPois:     It protects you from poison.
 D - the +1 cloak of Salvation (worn) {MP+9 Str+4}
   (You found it in a Gauntlet)

   Str:       It affects your strength (+4).
   MP:        It affects your magic capacity (+9).
 P - the +6 chain mail of Ofamof (worn) {rF+ Dex+6 Slay+3}
   (You took it off a wight on level 9 of the Dungeon)

   Dex:       It affects your dexterity (+6).
   Slay:      It affects your accuracy & damage with ranged weapons and melee
   (+3).
   rF:        It protects you from fire.
 R - a +0 kite shield of protection (worn)
 T - a scarf of resistance
 Y - a +1 kite shield of positive energy
Jewellery
 m - an amulet of the acrobat (around neck)
 n - a ring of willpower (right hand)
 s - a ring of poison resistance
 t - a ring of flight
 A - a ring of willpower
 M - the ring of Morality (left hand) {rPois rC+ rCorr Dex+2}
   (You found it on level 1 of the Lair of Beasts)

   [ring of resist corrosion]

   Dex:       It affects your dexterity (+2).
   rC:        It protects you from cold.
   rPois:     It protects you from poison.
   rCorr:     It protects you from acid and corrosion.
Wands
 b - a wand of mindburst (11)
 g - a wand of polymorph (4)
 h - a wand of digging (11)
 y - a wand of flame (43)
 C - a wand of paralysis (8)
 J - a wand of roots (16)
 S - a wand of quicksilver (4)
Scrolls
 e - 4 scrolls of noise
 k - 2 scrolls of torment
 l - 2 scrolls of immolation
 o - a scroll of blinking
 p - 3 scrolls of summoning
 q - 12 scrolls of teleportation
 v - 8 scrolls of poison
 x - 2 scrolls of magic mapping
 z - 3 scrolls of vulnerability
 B - 3 scrolls of enchant weapon
 N - 2 scrolls of amnesia
 Q - a scroll of brand weapon
 X - 3 scrolls of fear
 Z - 5 scrolls of butterflies
Potions
 d - 5 potions of curing
 i - a potion of haste
 r - 2 potions of cancellation
 u - 2 potions of berserk rage
 w - a potion of flight
 G - 7 potions of might
 I - 6 potions of lignification
 K - 2 potions of attraction
 L - 5 potions of brilliance
 U - a potion of ambrosia
 W - 3 potions of magic
Miscellaneous
 a - a phantom mirror
 c - a piece from Xom's chessboard (15/15) (quivered)
 j - a box of beasts
 V - a condenser vane


   Skills:
 + Level 14.5 Fighting
 - Level 16.0 Long Blades
 - Level 7.0 Maces & Flails
 + Level 15.0 Armour
 + Level 5.2 Dodging
 + Level 16.0 Shields
 + Level 11.9 Evocations


You had 17 spell levels left.
You didn't know any spells.
Your spell library contained the following spells:

 Spells                   Type           Power      Damage    Failure   Level
 Foxfire                  Conj/Fire      0%         2x1d4     80%         1
 Call Imp                 Summ           0%         N/A       91%         2
 Ensorcelled Hibernation  Hex/Ice        0%         N/A       91%         2
 Dazzling Flash           Conj/Hex       0%         N/A       99%         3
 Gell's Gravitas          Tloc           0%         N/A       99%         3
 Inner Flame              Hex/Fire       0%         N/A       99%         3
 Ozocubu's Armour         Ice            0%         N/A       99%         3
 Spider Form              Tmut/Pois      0%         N/A       99%         3
 Teleport Other           Tloc           0%         N/A       99%         3
 Anguish                  Hex/Necr       0%         N/A       100%        4
 Animate Armour           Summ/Erth      0%         N/A       100%        4
 Flame Wave               Conj/Fire      0%         2d4       100%        4
 Iskenderun's Mystic Bla  Conj/Tloc      0%         2d3       100%        4
 Manifold Assault         Tloc           0%         N/A       100%        4
 Sticky Flame             Conj/Fire      0%         2d3       100%        4
 Blade Hands              Tmut           0%         N/A       100%        5
 Fireball                 Conj/Fire      0%         3d3       100%        5
 Iskenderun's Battlesphe  Conj           0%         2d6       100%        5
 Conjure Ball Lightning   Conj/Air       0%         3x3d6     100%        6
 Dispersal                Tloc           0%         N/A       100%        6
 Iron Shot                Conj/Erth      0%         9d1       100%        6
 Starburst                Conj/Fire      0%         6d3       100%        6
 Summon Cactus Giant      Summ           0%         N/A       100%        6
 Monstrous Menagerie      Summ           0%         N/A       100%        7
 Orb of Destruction       Conj           0%         9d5       100%        7
 Ozocubu's Refrigeration  Ice            0%         4d7       100%        7
 Disjunction              Tloc           0%         N/A       100%        8


Dungeon Overview and Level Annotations

Branches:
Dungeon (15/15)            Temple (0/1) D:7            Lair (5/5) D:11
  Swamp (0/4) Lair:3        Snake (4/4) Lair:2        Slime (0/5) Lair:4
    Orc (2/2) D:11            Elf (0/3) Orc:2        Vaults (2/5) D:13
 Depths (0/4) D:15          IceCv (visited)         Volcano (visited)
Gauntlet (visited)
  Crypt: Vaults:2-3

Altars:
Dithmenos
Gozag
Hepliaklqana
Makhleb
Okawaru
Qazlal
Uskayaw
Xom
Jiyva

Shops:
D:11 *   Orc:2 (((!(   Snake:1 **   Snake:2 ((:(   Snake:3 :

Annotations:
Lair:4 4 exclusions
Snake:3 3 runed translucent doors, Mandevil's ghost, adept AtBe; confidenceinterval's ghost, adept GnHs


Innate Abilities, Weirdness & Mutations

You are completely covered in rugged brown scales. (AC +3, +7% HP)
Armour fits poorly on your strangely shaped body.
You have a long armoured tail.
You roll when moving toward enemies. (Rampage)
Your long tongue fully drains potion bottles. (2x potion effects)
Your tongue gives you trouble enunciating. (1.5x scroll delay)
You have a pair of small horns on your head.
You are partially covered in iridescent scales. (AC +2)
You have supernaturally acute eyesight. (SInv)
Your flesh is cold resistant. (rC+)
Your flesh is heat resistant. (rF+)
You are very frail. (-20% HP)
You occasionally lose the ability to drink potions when taking damage.
You occasionally lose the ability to read scrolls when taking damage.


Message History

The yaktaur zaps a wand.
You resist with almost no effort. The vault warden closely misses you.
The vault guard hits you with a +0 vorpal war axe.
As you read the scroll of teleportation, it crumbles to dust.
You feel strangely unstable.
The quasit bites you but does no damage.
You block the quasit's attack.
The quasit claws you but does no damage.
The vault warden hits you with a +0 great mace.
The vault guard hits you with a +0 vorpal war axe!
The quasit bites you but does no damage.
The quasit claws you but does no damage.
The quasit barely misses you.
Unknown command.
Unknown command.
You slash the vault guard!
You kill the vault guard!
The vault warden activates a sealing rune.
A door slams shut!
The yaktaur captain unwields a +0 arbalest.
You block the yaktaur captain's attack. The quasit barely misses you. x2
You block the quasit's attack.
You miss the quasit. Your headbutt misses the quasit.
The quasit is heavily wounded.
The vault warden hits you with a +0 great mace!!
You feel threatened and lose the ability to read scrolls!
You feel threatened and lose the ability to drink potions!
* * * LOW HITPOINT WARNING * * *
You block the quasit's attack. x2; The quasit claws you.
* * * LOW HITPOINT WARNING * * *
You barely miss the yaktaur captain. You headbutt the yaktaur captain!
The yaktaur captain is lightly wounded.
You block the yaktaur captain's attack. The quasit closely misses you.
The quasit barely misses you.
The quasit claws you but does no damage.
The vault guard hits you with a +3 vorpal great mace.
* * * LOW HITPOINT WARNING * * *
x2 The vault warden hits you with a +0 great mace!!
You die...
Xom howls with laughter!

#......#..
#......#. ..
#......+ .p
#......####'###
#......#......#
#...c..#......#
#..ppc.#......#
#...@).#......#
#..5[..+......#
########......#
#......#
#......#
#......#
#####''#######
#..........
#..........


You could see a vault warden, a yaktaur captain, a vault guard, a yaktaur and a
quasit (summoned).

Vanquished Creatures
  6 nagarajas
  2 vault wardens (Vaults:1)
  An orc warlord (Orc:1)
  6 ironbound preservers
  An ironbound thunderhulk (Vaults:1)
  A dire elephant (D:13)
  The ghost of Ridd the Spear-Bearer, a journeyman NaFi of Cheibriados (D:12)
  A minotaur (Gauntlet)
  Snorg (Orc:2)
  A great orb of eyes (Vaults:1)
  A fire dragon (D:15)
  Josephine (Orc:1)
  The ghost of Nenos the Basher, a journeyman GrFi of Ashenzari (D:11)
  5 yaktaur captains (Vaults:1)
  2 hydras
  Harold (Lair:1)
  The ghost of LMSNoise the Impaler, a journeyman TeRe of Okawaru (Lair:3)
  4 vault guards (Vaults:1)
  A hell beast (Gauntlet)
  A salamander tyrant (Snake:4)
  3 centaur warriors
  2 ironbound frosthearts (Vaults:1)
  10 anacondas
  4 two-headed ogres
  25 naga warriors
  3 boulder beetles
  3 death yaks (Lair:5)
  An orc high priest (Orc:2)
  7 shock serpents
  12 naga sharpshooters
  4 salamander mystics
  2 sea snakes (Lair:5)
  17 deep trolls
  A swamp dragon (shapeshifter) (Abyss:3)
  A deep elf archer (Volcano)
  6 naga ritualists
  3 harpies
  7 ironbound convokers
  4 wizards
  4 lindwurms
  3 necromancers
  14 mana vipers
  3 orc knights
  3 cyclopes
  A shadow dragon skeleton (Vaults:1)
  7 deep elf pyromancers (Volcano)
  4 orc sorcerers (Orc:2)
  16 ugly things
  18 salamanders
  6 manticores
  11 guardian serpents
  A centaur zombie (D:15)
  A moth of wrath (D:11)
  A human skeleton (Vaults:1)
  Maurice (D:8)
  9 elephants
  3 vault sentinels
  2 eyes of devastation
  29 black mambas
  3 ice statues (IceCv)
  18 naga magi
  2 smoke demons (Abyss:3)
  A torpor snail (Lair:5)
  A gargoyle (D:12)
  6 komodo dragons
  2 unseen horrors
  3 rime drakes (Lair:5)
  8 cane toads
  A centaur skeleton (D:15)
  4 kobold demonologists (D:12)
  An ice devil (Gauntlet)
  8 yaktaurs (Vaults:1)
  A freezing wraith (IceCv)
  An anaconda simulacrum (IceCv)
  3 polar bears
  A shadow dragon simulacrum (Vaults:1)
  A wolf spider simulacrum (D:15)
  13 trolls
  A wind drake (Lair:5)
  The ghost of Smoky173 the Conjurer, an amateur DsHW (D:4)
  A snapping turtle (Lair:5)
  2 hornets
  11 blink frogs
  15 dream sheep
  20 slime creatures
  A tyrant leech (Lair:3)
  A centaur simulacrum (D:14)
  A shadow (D:12)
  7 wraiths
  A vampire (D:11)
  2 wyverns
  41 yaks
  2 basilisks
  A fire bat (D:11)
  A chaos spawn (Abyss:3)
  4 fire elementals
  Eustachio (D:6)
  5 vampire mosquitoes
  A steam dragon (Lair:5)
  A golden eye (Gauntlet)
  11 wargs
  39 nagas
  A harpy simulacrum (IceCv)
  3 acid dragons
  4 hell hounds
  A hydra simulacrum (IceCv)
  11 water moccasins
  A floating eye (Lair:4)
  2 ice beasts
  38 orc warriors
  A meliai simulacrum (D:15)
  4 black bears
  An ettin simulacrum (Vaults:1)
  6 ogres
  18 centaurs
  7 wolves
  2 phantoms
  12 kobold brigands
  2 gnoll sergeants (D:12)
  6 bullfrogs
  2 necrophages (D:6)
  A cane toad simulacrum (IceCv)
  6 scorpions
  8 wights
  A small abomination (Abyss:3)
  2 elephant simulacra (IceCv)
  7 killer bees
  2 electric eels
  3 howler monkeys
  A quasit (Abyss:3)
  A human simulacrum (Vaults:1)
  3 jellies
  A gnoll bouda (D:7)
  4 hounds
  17 orc priests
  Terence (D:2)
  7 iguanas
  27 orc wizards
  A polar bear simulacrum (IceCv)
  4 hell rats (Lair:5)
  A wolf simulacrum (IceCv)
  2 scorpion simulacra (D:4)
  A mummy (D:6)
  18 gnolls
  10 adders
  A hound simulacrum (D:4)
  6 white imps
  A howler monkey simulacrum (D:4)
  A worm (D:5)
  5 dart slugs
  84 orcs
  7 ball pythons
  11 bats
  6 endoplasms
  4 goblins
  7 hobgoblins
  3 jackals (D:2)
  7 kobolds
  2 quokkas (D:1)
  2 frilled lizards (D:1)
  A hobgoblin zombie (D:6)
  A kobold zombie (D:6)
  2 orc zombies (D:6)
  A rat (D:1)
  A starspawn tentacle (Abyss:3)
944 creatures vanquished.

Vanquished Creatures (collateral kills)
  A fire dragon (D:11)
  A merfolk avatar (Lair:5)
  A two-headed ogre (D:10)
  A deep troll (Vaults:1)
  An orc knight (Orc:1)
  A salamander (Snake:4)
  A wraith (Orc:1)
  The ghost of iamserjio the Trooper, an amateur OpCK of Xom (D:5)
  2 orc warriors (Orc:1)
  3 wights (D:10)
  A hound (D:5)
  An iguana (D:5)
15 creatures vanquished.

Vanquished Creatures (others)
  A tentacled starspawn (Abyss:3)
  A dancing weapon (Vaults:1)
  An orc wizard (Orc:2)
  An orc (Orc:1)
  60 fungi
  165 plants
  A starspawn tentacle (Abyss:3)
  6 withered plants (Snake:3)
236 creatures vanquished.

Grand Total: 1195 creatures vanquished

Notes
Turn   | Place    | Note
-------+----------+-------------------------------------------
     0 | D:1      | Jannitor the Armataur Chaos Knight began the quest for the
                  | Orb.
     0 | D:1      | Reached XP level 1. HP: 19/19 MP: 1/1
   106 | D:1      | Reached XP level 2. HP: 26/26 MP: 2/2
   115 | D:1      | Reached skill level 1 in Dodging
   207 | D:1      | Found Woz Wies's General Store.
   434 | D:1      | Reached XP level 3. HP: 33/33 MP: 3/3
   611 | D:1      | XOM: noise
   812 | D:2      | XOM: enchant monster (bad)
   837 | D:2      | Identified the +6 hand axe "Qotud" {drain, rElec Int+4
                  | Stlth+}
   900 | D:2      | Noticed Terence
   918 | D:2      | Killed Terence
   919 | D:2      | Reached XP level 4. HP: 19/40 MP: 4/4
  1254 | D:2      | Identified the +4 dagger of Byder {vorpal, Dex+3}
  1603 | D:3      | a goblin changed into a shapeshifter
  1603 | D:3      | Noticed a shapeshifter (shapeshifter)
  1603 | D:3      | XOM: polymorph goblin -> shapeshifter
  1603 | D:3      | a shapeshifter changed into a guardian serpent
  1603 | D:3      | Noticed a guardian serpent (shapeshifter)
  1627 | D:3      | Noticed an ice beast
  1733 | D:4      | Noticed a scorpion
  1734 | D:4      | Found a runed translucent gate.
  1734 | D:4      | Found a runed translucent gate.
  1734 | D:4      | Found a runed translucent gate.
  1738 | D:4      | XOM: summons 3 hostile demons
  1742 | D:4      | Killed a scorpion
  1743 | D:4      | Reached skill level 1 in Shields
  1743 | D:4      | Reached XP level 5. HP: 41/48 MP: 5/5
  1872 | D:4      | Noticed a black bear
  1878 | D:4      | Killed a black bear
  1879 | D:4      | Reached XP level 6. HP: 55/55 MP: 6/6
  2104 | D:4      | XOM: silly message
  2113 | D:4      | Noticed Smoky173's ghost (amateur DsHW)
  2290 | D:4      | XOM: 2-stop teleportation journey
  2348 | D:4      | XOM: summons 4 hostile demons
  2812 | D:5      | Entered Level 5 of the Dungeon
  2834 | D:5      | XOM: enchant monster (bad)
  2842 | D:5      | Reached XP level 7. HP: 58/63 MP: 7/7
  2942 | D:5      | Reached skill level 5 in Armour
  3160 | D:5      | Found a shimmering altar of Xom.
  3169 | D:5      | Found a hazy altar of Hepliaklqana.
  3169 | D:5      | XOM: 7-stop teleportation journey
  3275 | D:5      | Found a burning altar of Makhleb.
  3279 | D:5      | XOM: confuse monster(s)
  3281 | D:5      | Found a shadowy altar of Dithmenos.
  3285 | D:5      | Found a stormy altar of Qazlal.
  3285 | D:5      | Found an iron altar of Okawaru.
  3352 | D:5      | Found a runed translucent gate.
  3352 | D:5      | Found a runed translucent gate.
  3352 | D:5      | Found a runed translucent gate.
  3353 | D:5      | Found an opulent altar of Gozag.
  3354 | D:5      | Noticed iamserjio's ghost (amateur OpCK)
  3472 | D:5      | Killed iamserjio's ghost
  3611 | D:5      | Reached XP level 8. HP: 71/71 MP: 8/8
  3644 | D:5      | XOM: draining
  3689 | D:6      | XOM: draining
  3764 | D:6      | XOM: scenery: summon butterflies
  3859 | D:6      | Noticed Eustachio
  3859 | D:6      | XOM: fog
  3867 | D:6      | Killed Eustachio
  3868 | D:6      | Reached skill level 5 in Fighting
  3868 | D:6      | Reached skill level 5 in Maces & Flails
  3899 | D:6      | XOM: 8-stop teleportation journey
  3922 | D:6      | Got the Secrets of the Assembled Pyromaniac
  4026 | D:6      | XOM: polymorph ogre -> wolf
  4115 | D:6      | XOM: god gift: robe {god gift}
  4614 | D:6      | Reached skill level 5 in Shields
  4724 | D:7      | Found a staircase to the Ecumenical Temple.
  4743 | D:6      | XOM: scenery: create altars
  5029 | D:7      | XOM: confuse monster(s)
  5035 | D:7      | Reached XP level 9. HP: 77/79 MP: 9/9
  5252 | D:6      | Noticed a two-headed ogre
  5268 | D:6      | Killed a two-headed ogre
  5404 | D:6      | Identified the +2 scale mail of Duty {rElec Regen+ SInv}
  5459 | D:6      | XOM: noise
  5459 | D:6      | Noticed a troll
  5460 | D:6      | Noticed a troll
  5463 | D:6      | XOM: potion effect (curing)
  5490 | D:7      | Killed a troll
  5624 | D:6      | Killed a troll
  5645 | D:6      | Noticed a boulder beetle
  5764 | D:7      | XOM: confusion (+ monsters)
  5774 | D:7      | Found the +7 Singing Sword {vorpal, sonic wave}
  5983 | D:7      | Reached XP level 10. HP: 68/92 MP: 10/10
  6023 | D:8      | Reached skill level 1 in Long Blades
  6161 | D:8      | Noticed Maurice
  6161 | D:8      | XOM: potion effect (brilliance)
  6167 | D:8      | XOM: potion effect (heal wounds)
  6181 | D:8      | XOM: blink monster(s)
  6187 | D:8      | Killed Maurice
  6188 | D:8      | Reached skill level 1 in Evocations
  6591 | D:9      | XOM: god gift: green potion {god gift}
  6649 | D:6      | Killed a boulder beetle
  6963 | D:9      | XOM: noise
  6979 | D:9      | Reached skill level 5 in Long Blades
  7122 | D:9      | Found a hide-covered altar of Uskayaw.
  7398 | D:9      | Identified the +6 chain mail of Ofamof {rF+ Dex+6 Slay+3}
  7399 | D:9      | XOM: god gift: piece from Xom's chessboard (15/15)
  7666 | D:9      | XOM: give mutation
  7666 | D:9      | Gained mutation: You are partially covered in iridescent
                  | scales. (AC +2) [Xom's grace]
  7786 | D:9      | Reached XP level 11. HP: 98/99 MP: 11/11
  7839 | D:10     | Entered Level 10 of the Dungeon
  8001 | D:10     | Noticed a two-headed ogre
  8007 | D:10     | Killed a two-headed ogre
  8407 | D:11     | XOM: summons 2 friendly demons
  8410 | D:11     | XOM: cleaving
  8417 | D:11     | XOM: enchant monster (good)
  8605 | D:10     | XOM: draining
  8623 | D:11     | XOM: polymorph centaur -> fire bat
  8877 | D:11     | XOM: draining
  8947 | D:11     | Reached skill level 5 in Evocations
  9122 | D:11     | Found a staircase to the Orcish Mines.
  9190 | D:11     | XOM: give mutation
  9190 | D:11     | Gained mutation: You are frail. (-10% HP) [Xom's mischief]
  9192 | D:11     | XOM: noise
  9241 | D:11     | XOM: summons 6 hostile demons
  9242 | D:11     | Noticed a soul eater
  9469 | D:11     | XOM: noise
  9581 | D:11     | Noticed a fire dragon
  9590 | D:11     | Noticed Nenos's ghost (journeyman GrFi)
  9600 | D:11     | Found a transporter.
  9614 | D:11     | Found a transporter.
  9635 | D:11     | Found Usosay's Mass Market.
  9692 | D:11     | Found a staircase to the Lair.
 10009 | D:12     | Found a runed translucent gate.
 10009 | D:12     | Found a runed translucent gate.
 10009 | D:12     | Found a runed translucent gate.
 10273 | D:12     | XOM: chaos upgrade
 10361 | D:12     | Noticed Ridd's ghost (journeyman NaFi)
 10403 | D:12     | Noticed a two-headed ogre
 10403 | D:12     | XOM: torment (48/94 hp)
 10602 | D:12     | XOM: stat loss: -1 Dex (14/15)
 10722 | D:12     | XOM: give mutations
 10722 | D:12     | Gained mutation: You occasionally lose the ability to read
                  | scrolls when taking damage. [Xom's mischief]
 10722 | D:12     | Gained mutation: You are clumsy. (Dex -2) [Xom's mischief]
 10722 | D:12     | Gained mutation: You occasionally shout uncontrollably at
                  | your foes. [Xom's mischief]
 10724 | D:12     | Lost mutation: You occasionally shout uncontrollably at
                  | your foes. [potion of mutation]
 10724 | D:12     | Lost mutation: You are clumsy. (Dex -2) [potion of
                  | mutation]
 10724 | D:12     | Lost mutation: You occasionally lose the ability to read
                  | scrolls when taking damage. [potion of mutation]
 10724 | D:12     | Lost mutation: You are frail. (-10% HP) [potion of
                  | mutation]
 10724 | D:12     | Lost mutation: You are partially covered in iridescent
                  | scales. (AC +2) [potion of mutation]
 10724 | D:12     | Gained mutation: Your tail ends in a venomous barb. [potion
                  | of mutation]
 10724 | D:12     | Gained mutation: You have a somewhat thin skeletal
                  | structure. (Dex +2, Stealth+) [potion of mutation]
 10724 | D:12     | Gained mutation: You have very sharp teeth. [potion of
                  | mutation]
 10787 | D:12     | XOM: smoke on damage
 10986 | D:12     | XOM: cast spell 'Summon Small Mammal'
 10988 | D:12     | Killed a two-headed ogre
 11058 | Lair:1   | Entered Level 1 of the Lair of Beasts
 11091 | Lair:1   | Noticed Harold
 11103 | Lair:1   | Killed Harold
 11104 | Lair:1   | Reached XP level 12. HP: 67/111 MP: 12/12
 11281 | Lair:1   | XOM: divination: magic mapping
 11573 | Lair:1   | XOM: enchant monster (bad)
 11588 | Lair:1   | XOM: 7-stop teleportation journey
 11796 | Lair:1   | Identified the ring of Morality {rPois rC+ rCorr Dex+2}
 11882 | Lair:1   | XOM: god gift: potion of heal wounds
 12070 | Lair:2   | XOM: silly message
 12101 | Lair:2   | XOM: divination: magic mapping
 12149 | Lair:2   | Found a frozen archway.
 12161 | Lair:2   | XOM: blink monster(s)
 12169 | Lair:2   | XOM: divination: detect items
 12170 | Lair:2   | XOM: blink monster(s)
 12190 | Lair:2   | XOM: summons 4 friendly demons
 12194 | Lair:2   | XOM: confuse monster(s)
 12207 | IceCv    | Entered an ice cave
 12214 | IceCv    | XOM: confuse monster(s)
 12282 | IceCv    | XOM: enchant monster (good)
 12363 | IceCv    | XOM: noise
 12477 | IceCv    | XOM: potion effect (heal wounds)
 12489 | IceCv    | XOM: scenery: create altars
 12492 | IceCv    | XOM: repel stairs
 12493 | IceCv    | XOM: swap monsters
 12524 | IceCv    | XOM: stat loss: -1 Int (14/15)
 12843 | IceCv    | XOM: give mutations
 12843 | IceCv    | Gained mutation: Your body sometimes deteriorates upon
                  | taking damage. [Xom's mischief]
 12843 | IceCv    | Gained mutation: You are frail. (-10% HP) [Xom's mischief]
 12843 | IceCv    | Lost mutation: You have very sharp teeth. [Xom's mischief]
 12843 | IceCv    | Gained mutation: You have a beak for a mouth. [Xom's
                  | mischief]
 12843 | IceCv    | Gained mutation: You are very frail. (-20% HP) [Xom's
                  | mischief]
 12844 | IceCv    | Identified a scroll of acquirement
 12847 | IceCv    | Acquired 1140 gold pieces
 12855 | Abyss:3  | Cast into level 3 of the Abyss (Xom)
 12863 | Abyss:3  | XOM: stat loss: -1 Dex (12/13)
 12883 | Abyss:3  | XOM: summons 7 hostile demons
 12904 | Abyss:3  | Noticed a starcursed mass
 12919 | Abyss:3  | Noticed a tentacled starspawn
 12921 | Abyss:3  | XOM: enchant monster (good)
 12923 | Abyss:3  | XOM: cleaving
 12926 | Abyss:3  | Killed a tentacled starspawn
 12926 | Abyss:3  | XOM: divine lightning
 12927 | Abyss:3  | Reached skill level 10 in Fighting
 12927 | Abyss:3  | Reached skill level 10 in Shields
 12929 | Abyss:3  | Noticed a brown very ugly thing
 12929 | Abyss:3  | XOM: summons friendly chaos spawn
 12930 | Abyss:3  | Gained mutation: You are extremely frail. (-30% HP) [a
                  | neqoxec]
 12931 | Abyss:3  | Noticed a brown very ugly thing
 12982 | Abyss:3  | Reached skill level 10 in Long Blades
 13001 | Abyss:3  | XOM: summons 7 hostile demons
 13015 | Abyss:3  | XOM: scenery: create altars
 13031 | IceCv    | Escaped the Abyss
 13101 | Lair:2   | XOM: divination: detect items
 13155 | Lair:2   | Found the +9 staff of Wucad Mu {*channel}
 13169 | Lair:2   | Found a staircase to the Snake Pit.
 13556 | Lair:2   | XOM: scenery: 1 doors open, 1 doors close
 13924 | Lair:3   | Reached XP level 13. HP: 87/87 MP: 13/13
 13925 | Lair:3   | XOM: cast spell 'Discord'
 14053 | Lair:3   | Found a staircase to the Swamp.
 14079 | Lair:3   | XOM: scenery: 3 doors open
 14222 | Lair:3   | XOM: fog
 14576 | Lair:3   | Noticed LMSNoise's ghost (journeyman TeRe)
 14746 | Lair:3   | Found a runed translucent door.
 14781 | Lair:3   | Identified the +3 ring mail "Myilofoa" {rN+}
 15041 | Lair:4   | Identified the +0 pair of gloves of Undesirable Species
                  | {rPois rF+ Dex+3}
 15084 | Lair:4   | XOM: 2-stop teleportation journey
 15093 | Lair:4   | XOM: god gift: 36 gold pieces
 15266 | Lair:4   | Found a dark tunnel.
 15275 | Volcano  | Entered a volcano
 15296 | Volcano  | XOM: fog
 15301 | Volcano  | XOM: summons 7 friendly demons
 15319 | Volcano  | XOM: fog
 15350 | Volcano  | XOM: 1-stop teleportation journey
 15412 | Volcano  | XOM: scenery: 1 doors close
 15415 | Volcano  | XOM: summons 4 friendly demons
 15416 | Volcano  | XOM: destruction
 15418 | Volcano  | XOM: fake destruction
 15590 | Volcano  | XOM: 1-stop teleportation journey
 15886 | Orc:1    | Entered Level 1 of the Orcish Mines
 15894 | Orc:1    | XOM: cleaving
 15936 | Orc:1    | Noticed an orc warlord
 15942 | Orc:1    | XOM: draining
 15945 | Orc:1    | XOM: noise
 15949 | Orc:1    | Killed an orc warlord
 16047 | Orc:1    | Noticed Josephine
 16050 | Orc:1    | Killed Josephine
 16105 | Orc:1    | XOM: stat loss: -1 Dex (21/22)
 16573 | Orc:2    | Entered Level 2 of the Orcish Mines
 16577 | Orc:2    | XOM: confusion (+ monsters)
 16588 | Orc:1    | XOM: chaos cloud
 16819 | Orc:2    | Found Zigrecue's Firing Range.
 16819 | Orc:2    | XOM: 1-stop teleportation journey
 16849 | Orc:2    | Noticed Snorg
 16854 | Orc:2    | XOM: cast spell 'Alistair's Intoxication'
 16859 | Orc:2    | Killed Snorg
 17148 | Orc:2    | XOM: silly message
 17156 | Orc:2    | Found a staircase to the Elven Halls.
 17195 | Orc:2    | Reached XP level 14. HP: 79/95 MP: 14/14
 18064 | Orc:2    | XOM: divination: magic mapping
 18650 | Orc:2    | XOM: summons 3 hostile shadow creatures
 18714 | Orc:2    | Found Fomos's Antique Weapon Boutique.
 18714 | Orc:2    | Found Itataghu's Distillery.
 18716 | Orc:2    | Found Waff's Weapon Shoppe.
 18718 | Orc:2    | Found Vorus's Weapon Shop.
 18723 | Orc:2    | Bought 2 potions of curing for 84 gold pieces
 18723 | Orc:2    | Bought a potion of curing for 42 gold pieces
 18723 | Orc:2    | Bought a potion of curing for 42 gold pieces
 18723 | Orc:2    | Bought a potion of curing for 42 gold pieces
 18723 | Orc:2    | Bought a potion of heal wounds for 70 gold pieces
 18723 | Orc:2    | Bought a potion of heal wounds for 70 gold pieces
 18963 | D:13     | XOM: cast spell 'Summon Cactus Giant'
 19195 | D:13     | XOM: give mutation
 19195 | D:13     | Gained mutation: You are dopey. (Int -2) [Xom's mischief]
 19301 | D:13     | XOM: stat loss: -1 Int (12/13)
 19529 | D:13     | XOM: silly message
 19690 | D:13     | Found a gate to the Vaults.
 20329 | D:14     | XOM: give mutation
 20329 | D:14     | Gained mutation: Your flesh is cold resistant. (rC+) [Xom's
                  | grace]
 20392 | D:14     | XOM: cleaving
 20860 | Lair:4   | XOM: 11-stop teleportation journey
 20862 | Lair:4   | Found a staircase to the Slime Pits.
 20862 | Lair:4   | Found a viscous altar of Jiyva.
 20996 | Lair:4   | XOM: give mutations
 20996 | Lair:4   | Gained mutation: You are very dopey. (Int -4) [Xom's
                  | mischief]
 20996 | Lair:4   | Lost mutation: You are very dopey. (Int -4) [Xom's
                  | mischief]
 21159 | Lair:4   | XOM: polymorph butterfly -> adder
 21174 | Lair:4   | XOM: noise
 21498 | Lair:5   | Entered Level 5 of the Lair of Beasts
 21503 | Lair:5   | XOM: cast spell 'Leda's Liquefaction'
 21504 | Lair:5   | XOM: smoke on damage
 21506 | Lair:5   | XOM: divination: magic mapping
 21523 | Lair:5   | Reached skill level 10 in Armour
 21752 | Lair:5   | XOM: noise
 21860 | Lair:4   | XOM: divination: detect items
 22039 | Lair:5   | XOM: potion effect (might)
 22048 | Lair:5   | XOM: confuse monster(s)
 22093 | Lair:5   | XOM: enchant monster (bad)
 22295 | Lair:5   | XOM: potion effect (curing)
 22516 | Lair:5   | XOM: silly message
 22694 | Lair:5   | Found the ring of the Octopus King
 22694 | Lair:5   | XOM: cast spell 'Monstrous Menagerie'
 22712 | Lair:5   | Identified the +1 fire dragon scales of the Orb {rElec rF++
                  | rC- MP+9 Dex-3 SInv}
 22719 | Lair:5   | Identified a ring of the Octopus King {rF+ HP+2 AC+2 EV+2
                  | SH+2}
 22898 | Lair:5   | XOM: 5-stop teleportation journey
 23267 | Snake:1  | Entered Level 1 of the Snake Pit
 23320 | Snake:1  | Found Cipew's Neck Hole.
 23329 | Snake:1  | Bought an amulet of the acrobat for 420 gold pieces
 23887 | Snake:1  | XOM: cast spell 'Summon Ice Beast'
 23892 | Snake:1  | Reached XP level 15. HP: 98/102 MP: 15/15
 24056 | Snake:1  | Found Kabycw's Assorted Antiques.
 24063 | Snake:1  | XOM: potion effect (curing)
 24183 | Snake:1  | XOM: confuse monster(s)
 24406 | Snake:1  | XOM: scenery: create altars
 24614 | Snake:2  | XOM: silly message
 24617 | Snake:2  | XOM: noise
 24668 | Snake:2  | Found Vedauto's Book Boutique.
 24670 | Snake:2  | Found Hyusay's Weapon Boutique.
 24670 | Snake:2  | Found Yhabenax's Antique Weapon Shop.
 24675 | Snake:2  | Found Umiph's Antique Weapon Shop.
 24709 | Snake:2  | XOM: divination: detect creatures
 24730 | Snake:2  | XOM: cast spell 'Disjunction'
 24862 | Snake:2  | XOM: confuse monster(s)
 25095 | Snake:2  | XOM: noise
 25141 | Snake:2  | XOM: confuse monster(s)
 25172 | Snake:2  | XOM: fog
 25289 | Snake:2  | Identified the +8 mace of the Enchanting Salmon {elec,
                  | rElec Stlth+}
 25315 | Snake:2  | XOM: enchant monster (good)
 25331 | Snake:2  | XOM: 1-stop teleportation journey
 25607 | Snake:2  | XOM: cloud trail
 25671 | Snake:2  | XOM is BORED!
 25671 | Snake:2  | XOM: noise
 25760 | Snake:3  | XOM: stealth player
 25804 | Snake:3  | XOM: confuse monster(s)
 26033 | Snake:3  | XOM: god gift: 5 stones
 26323 | Snake:3  | Found Vugamm's Book Shop.
 26325 | Snake:3  | XOM: repel stairs
 26535 | Snake:3  | XOM: noise
 26647 | Snake:3  | Noticed a nagaraja
 26651 | Snake:3  | XOM: noise
 26847 | Snake:3  | XOM: enchant monster (good)
 26855 | Snake:3  | Killed a nagaraja
 26992 | Snake:3  | Noticed confidenceinterval's ghost (adept GnHs)
 27038 | Snake:3  | Noticed Mandevil's ghost (adept AtBe)
 27337 | Snake:3  | Found a runed translucent gate.
 27337 | Snake:3  | Found a runed translucent gate.
 27337 | Snake:3  | Found a runed translucent gate.
 27547 | Snake:4  | Entered Level 4 of the Snake Pit
 27547 | Snake:4  | Found a shimmering altar of Xom.
 27573 | Snake:3  | XOM: scenery: 1 doors open, 1 doors close
 27704 | Snake:3  | XOM: god gift: wand of quicksilver (4)
 27708 | Snake:3  | Reached skill level 15 in Long Blades
 27787 | Snake:4  | XOM: enchant monster (bad)
 28120 | Snake:4  | Reached XP level 16. HP: 85/110 MP: 16/16
 28136 | Snake:4  | XOM: confuse monster(s)
 28290 | Snake:4  | XOM: summons friendly crimson imp
 28579 | Snake:3  | Upgraded the game from 0.30-a0-241-g1121274140 to
                  | 0.30-a0-243-gaa749bd8e4
 28683 | Snake:4  | XOM: 1-stop teleportation journey
 28831 | Snake:4  | XOM: 1-stop teleportation journey
 28891 | Snake:3  | XOM: stat loss: -1 Dex (19/22)
 28902 | Snake:3  | XOM: give mutations
 28902 | Snake:3  | Gained mutation: Your body often deteriorates upon taking
                  | damage. [Xom's mischief]
 28902 | Snake:3  | Gained mutation: You occasionally lose the ability to read
                  | scrolls when taking damage. [Xom's mischief]
 28957 | Snake:3  | XOM: divination: detect items
 29037 | Snake:3  | XOM: cloud trail
 29302 | D:4      | Killed Smoky173's ghost
 29502 | D:11     | XOM: summons 13 friendly demons
 29762 | D:11     | Killed Nenos's ghost
 29859 | D:12     | Killed Ridd's ghost
 30032 | D:11     | XOM: scenery: summon butterflies
 30074 | Lair:1   | XOM: scenery: summon butterflies
 30161 | Lair:3   | XOM: confuse monster(s)
 30163 | Lair:3   | Killed LMSNoise's ghost
 30502 | D:14     | XOM: summons 2 friendly demons
 30795 | D:14     | XOM: scenery: summon butterflies
 30872 | D:14     | XOM: 3-stop teleportation journey
 30888 | D:14     | XOM: stat loss: -1 Int (12/13)
 31261 | D:14     | XOM: god gift: pair of embroidered boots {god gift}
 31453 | D:15     | Entered Level 15 of the Dungeon
 31468 | D:15     | XOM: cloud trail
 31484 | D:15     | Found a gate leading to a gauntlet.
 31497 | Gauntlet | Entered a Gauntlet
 31497 | Gauntlet | Found a transporter.
 31497 | Gauntlet | Found a transporter.
 31588 | Gauntlet | Found a transporter.
 31589 | Gauntlet | Found a transporter.
 31597 | Gauntlet | Found a transporter.
 31601 | Gauntlet | Found a transporter.
 31609 | Gauntlet | Found a transporter.
 31623 | Gauntlet | Found the +4 Cigotuvi's embrace {rMiasma Drain rN+}
 31626 | Gauntlet | Found a transporter.
 31640 | Gauntlet | Found a transporter.
 31644 | Gauntlet | Found a transporter.
 31655 | Gauntlet | Found a transporter.
 31656 | Gauntlet | Found a transporter.
 31877 | Gauntlet | Identified the +1 cloak of Salvation {MP+9 Str+4}
 32055 | Gauntlet | Identified the +8 triple crossbow of the Philosopher
                  | {venom, rC+ Int+5}
 32394 | D:15     | Reached skill level 10 in Evocations
 32728 | D:15     | XOM: confuse monster(s)
 32739 | D:15     | XOM: 1-stop teleportation journey
 32743 | D:15     | XOM: divination: magic mapping
 32744 | D:15     | XOM: summons friendly ufetubus
 32750 | D:15     | XOM: silly message
 32964 | D:15     | Found a staircase to the Depths.
 33479 | Snake:4  | XOM: silly message
 33720 | Snake:4  | XOM: enchant monster (bad)
 34238 | Snake:3  | XOM: noise
 34477 | Snake:4  | XOM: silly message
 34587 | Snake:4  | Reached skill level 15 in Shields
 34606 | Snake:4  | XOM: potion effect (haste)
 34610 | Snake:4  | Reached XP level 17. HP: 66/116 MP: 14/17
 34612 | Snake:4  | XOM: 1-stop teleportation journey
 34892 | Snake:4  | XOM: scenery: 1 doors close
 34894 | Snake:4  | XOM: snakes to sticks
 35006 | Snake:4  | XOM: silly message
 35043 | Snake:4  | XOM: 5-stop teleportation journey
 35309 | Snake:4  | XOM: god gift: scimitar {god gift}
 35310 | Snake:4  | XOM: god gift: 46 gold pieces
 35348 | Snake:4  | XOM: cast spell 'Summon Dragon'
 35801 | Snake:4  | XOM: silly message
 35821 | Snake:4  | Got a serpentine rune of Zot
 35885 | Snake:4  | XOM: divination: detect items
 36006 | Snake:4  | XOM: confuse monster(s)
 36216 | Vaults:1 | Entered Level 1 of the Vaults
 36251 | Vaults:1 | XOM: cast spell 'Death Channel'
 36274 | Vaults:2 | XOM: scenery: create altars
 36287 | Vaults:1 | HP: 4/116 [yaktaur/bolt[a yaktaur captain] (2)]
 36318 | Vaults:1 | XOM: cloud trail
 36492 | Vaults:1 | XOM: destruction
 36575 | Vaults:1 | XOM: fake destruction
 36577 | Vaults:1 | XOM: cast spell 'Alistair's Intoxication'
 36583 | Vaults:1 | XOM: fake destruction
 36616 | D:13     | Lost mutation: Your tail ends in a venomous barb. [potion
                  | of mutation]
 36616 | D:13     | Lost mutation: You are extremely frail. (-30% HP) [potion
                  | of mutation]
 36616 | D:13     | Lost mutation: You have a beak for a mouth. [potion of
                  | mutation]
 36616 | D:13     | Lost mutation: Your body often deteriorates upon taking
                  | damage. [potion of mutation]
 36616 | D:13     | Lost mutation: You have a somewhat thin skeletal structure.
                  | (Dex +2, Stealth+) [potion of mutation]
 36616 | D:13     | Lost mutation: You are dopey. (Int -2) [potion of mutation]
 36616 | D:13     | Gained mutation: You are extremely frail. (-30% HP) [potion
                  | of mutation]
 36616 | D:13     | Gained mutation: Your mind is acute. (Int +4, Str/Dex -1)
                  | [potion of mutation]
 36616 | D:13     | Gained mutation: You have a pair of small horns on your
                  | head. [potion of mutation]
 36617 | D:13     | Lost mutation: Your body sometimes deteriorates upon taking
                  | damage. [potion of mutation]
 36617 | D:13     | Lost mutation: You have a pair of small horns on your head.
                  | [potion of mutation]
 36617 | D:13     | Lost mutation: You occasionally lose the ability to read
                  | scrolls when taking damage. [potion of mutation]
 36617 | D:13     | Lost mutation: Your mind is acute. (Int +4, Str/Dex -1)
                  | [potion of mutation]
 36617 | D:13     | Lost mutation: You are extremely frail. (-30% HP) [potion
                  | of mutation]
 36617 | D:13     | Lost mutation: Your flesh is cold resistant. (rC+) [potion
                  | of mutation]
 36617 | D:13     | Gained mutation: Your flesh is cold resistant. (rC+)
                  | [potion of mutation]
 36617 | D:13     | Gained mutation: You sometimes lose your temper in combat.
                  | [potion of mutation]
 36617 | D:13     | Gained mutation: Your flesh is heat resistant. (rF+)
                  | [potion of mutation]
 36617 | D:13     | Gained mutation: You have a pair of small horns on your
                  | head. [potion of mutation]
 36617 | D:13     | Gained mutation: You have supernaturally acute eyesight.
                  | (SInv) [potion of mutation]
 36777 | D:13     | XOM: confuse monster(s)
 36784 | D:13     | XOM: noise
 37076 | D:13     | XOM: confusion
 37077 | D:13     | XOM: silly message
 37083 | D:13     | XOM: chaos upgrade
 37203 | D:13     | XOM: give mutations
 37203 | D:13     | Gained mutation: You occasionally shout uncontrollably at
                  | your foes. [Xom's mischief]
 37203 | D:13     | Lost mutation: You sometimes lose your temper in combat.
                  | [Xom's mischief]
 37203 | D:13     | Gained mutation: You occasionally lose the ability to drink
                  | potions when taking damage. [Xom's mischief]
 37621 | D:13     | XOM: give mutation
 37621 | D:13     | Lost mutation: You occasionally shout uncontrollably at
                  | your foes. [Xom's mischief]
 37918 | Vaults:1 | XOM: give mutations
 37918 | Vaults:1 | Gained mutation: You are partially covered in iridescent
                  | scales. (AC +2) [Xom's mischief]
 37918 | Vaults:1 | Gained mutation: You occasionally lose the ability to read
                  | scrolls when taking damage. [Xom's mischief]
 38131 | Vaults:1 | XOM: confusion (+ monsters)
 38135 | Vaults:1 | Reached skill level 5 in Dodging
 38468 | Vaults:1 | XOM: blink monster(s)
 38471 | Vaults:1 | XOM: cast spell 'Summon Mana Viper'
 38590 | Vaults:1 | XOM: summons 2 hostile demons
 38595 | Vaults:1 | Reached skill level 15 in Armour
 38595 | Vaults:1 | Reached XP level 18. HP: 122/140 MP: 18/18
 38601 | Vaults:1 | Slain by a vault warden

Illustrated notes

Levels and vault maps discovered:
D:1:      matt_arrival_refuge, layout_loops_ring, serial_shops,
          nicolae_shop_hallway_stairs
D:2:      layout_loops_cross, minmay_diced_spiral, uniq_terence
D:3:      layout_rooms, mainiacjoe_overflow_concentric_impassable,
          ebering_ghost_inner_flame, serial_shops, nicolae_shop_behind_doors,
          shapermc_ecumenical_altar_hornbeckon, chequers_serial_rivers_micro_a,
          uniq_robin
D:4:      layout_loops_corners, gammafunk_ghost_icy, kennysheep_generic_room_8
D:5:      layout_cave_pools, lemuel_round_altar, mainiacjoe_overflow_alcove_2,
          mainiacjoe_overflow_alcove_3, ebering_ghost_gozag
D:6:      minmay_klotski, layout_basic, minmay_mini_ossuary, uniq_eustachio
D:7:      old_forge, layout_rooms, minmay_temple_entry_statues_fountains
D:8:      layout_rooms, uniq_maurice
D:9:      layout_long_grid, nicolae_uskayaw_dance_hall, minivault_26,
          minmay_variable_closet, nicolae_fountain_basement
D:10:     layout_roguey
D:11:     layout_long_grid, erik_lair_orcish_takeover,
          minmay_orc_entry_guard_dogs, gammafunk_ghost_berserking_beasts,
          minmay_shop_mass, serial_bayou_pond_b
D:12:     layout_roguey, gammafunk_ghost_nasty_kobolds
D:13:     nicolae_cairo_tiling_large, layout_layer_cave, david_vaults_1
D:14:     layout_basic, serial_bayou_shore_b
D:15:     grunt_enter_depths_magical_seal, layout_cave_pods,
          gauntlet_entry_generic, hangedman_decor_opposing,
          hangedman_decor_points
Lair:1:   layout_cave_pods, hibernation_bobbens, lemuel_fruit_tree, uniq_harold
Lair:2:   layout_roguey, minmay_snake_entry_six_corridors,
          portal_ice_cave_entry_pillars_2, serial_bayou_shore_a
Lair:3:   layout_regular_city, minmay_swamp_entry_worms,
          hellmonk_ghost_happy_afterlife
Lair:4:   layout_gridlike, minmay_slime_entry_eyes, enter_volcano_2,
          minmay_stone_trees_large, lemuel_fruit_fields
Lair:5:   gammafunk_lair_ancient_temple, layout_regular_city, st_stairs_13
Snake:1:  layout_honeycomb, minmay_shop_grid_forest,
          nicolae_shop_sticking_my_neck_out
Snake:2:  layout_misc_corridors, nrook_guardian_serpent_double, minmay_shoptagon
Snake:3:  layout_basic, gammafunk_ghost_cemetery, serial_shops,
          nicolae_stop_n_shop_1
Snake:4:  grunt_snake_rune_pools, layout_grid_maze, basic_altar,
          nicolae_snake_snakes_in_the_grass
Orc:1:    layout_diamond_mine, uniq_josephine
Orc:2:    st_orc_rangers, layout_diamond_mine, nicolae_shop_firing_range,
          uniq_snorg
Vaults:1: nicolae_vaults_triangles, nicolae_vaults_network_quincunx
          [nicolae_vaults_network_quincunx_subvault,
          nicolae_vaults_network_quincunx_subvault,
          nicolae_vaults_network_quincunx_subvault,
          nicolae_vaults_network_quincunx_subvault,
          nicolae_vaults_network_quincunx_subvault], v_pattern_4,
          hangedman_vaults_stagger, v_rooms_5, vaults_room_stairs_pillars,
          hangedman_vaults_unwind, grunt_vaults_diagonal,
          ontoclasm_vaults_ring_square, grunt_vaults_hallway_long,
          nicolae_vaults_asterisk, layout_vaults_maze
Vaults:2: minmay_crypt_entry_vampire_xt, vaults_mumra_hexcomb, v_misc_27,
          vaults_room_pool, nicolae_vaults_stairing_the_circle,
          vaults_dpeg_hooks, nicolae_vaults_diagonal_hallway_7,
          vaults_room_pool, layout_vaults_chaotic_city, serial_shops,
          nicolae_shop_crystal, uniq_nikola

Skill      XL: |  1  2  3  4  5  6  7  8  9 10 11 12 13 14 15 16 17 |
---------------+----------------------------------------------------+-----
Dodging        | 1 2 3 5 |  5.2
Maces & Flails | 3 4 5 7 |  7.0
Fighting       | 3 4 5 7 8 9 10 11 12 13 14 | 14.5
Armour         | 3 4 5 7 8 9 10 12 13 15 | 15.0
Shields        | 1 2 3 5 7 9 10 12 13 14 15 16 | 16.0
Long Blades    | 5 8 10 12 14 15 16 | 16.0
Evocations     | 4 6 7 9 10 11 | 11.9

Action                   |  1- 3 |  4- 6 |  7- 9 | 10-12 | 13-15 | 16-18 || total
-------------------------+-------+-------+-------+-------+-------+-------++-------
Melee: Mace              |    86 |       |       |       |       |       ||    86
       Tailslap          |    13 |     7 |    43 |    65 |   123 |   140 ||   391
       Hand axe          |    10 |    86 |   277 |       |       |       ||   373
       Punch             |     1 |     1 |       |       |       |       ||     2
       Double sword      |       |       |     6 |   451 |   745 |   752 ||  1954
       Bite              |       |       |       |    11 |       |       ||    11
       Peck              |       |       |       |     4 |   177 |   162 ||   343
       Headbutt          |       |       |       |       |       |    55 ||    55
Evoke: Piece from Xom's  |       |     3 |       |       |       |     4 ||     7
       Wand              |       |       |     4 |    11 |     8 |    13 ||    36
       Condenser vane    |       |       |       |       |     4 |     1 ||     5
       Box of beasts     |       |       |       |       |     1 |       ||     1
  Use: Potion            |     1 |     2 |       |     9 |    14 |    20 ||    46
       Scroll            |       |     2 |     6 |    18 |    10 |     5 ||    41
 Stab: Paralysed         |       |     3 |     6 |     2 |     6 |     6 ||    23
       Invisible         |       |       |       |       |     3 |     3 ||     6
       Confused          |       |       |       |       |     4 |     5 ||     9
       Sleeping          |       |       |       |       |       |     1 ||     1
       Distracted        |       |       |       |       |       |     1 ||     1
Armor: Leather armour    |    55 |       |       |       |       |       ||    55
       Chain mail        |       |    86 |   134 |   246 |   333 |   275 ||  1074
       Scale mail        |       |       |    23 |    76 |       |       ||    99
Dodge: Dodged            |    53 |    20 |    57 |   137 |   179 |   188 ||   634
Block: Kite shield       |       |    35 |   109 |   283 |   495 |   499 ||  1421

Table legend: (Time is in decaauts)
 A = Elapsed time spent in this place.
 B = Non-inter-level travel time spent in this place.
 C = Inter-level travel time spent in this place.
 D = Time resting spent in this place.
 E = Time spent auto-exploring this place.
 F = Levels seen in this place.
 G = Mean time per level.
                   A        B        C        D        E       F      G
               +--------+--------+--------+--------+--------+-----+--------+
         Total |  38767 |  36317 |   2450 |  11611 |  17939 |  32 | 1211.5 |
       Dungeon |  17608 |  16078 |   1530 |   3800 |   9603 |  15 | 1173.9 |
          Lair |   6644 |   6139 |    505 |   1199 |   3836 |   5 | 1328.8 |
     Snake Pit |   8407 |   8108 |    299 |   3972 |   2837 |   4 | 2101.8 |
  Orcish Mines |   2976 |   2863 |    113 |   1233 |   1073 |   2 | 1488.0 |
        Vaults |   1354 |   1354 |      0 |    617 |    345 |   2 |  677.0 |
         Abyss |    180 |    180 |      0 |      0 |      0 |   1 |  180.0 |
      Ice Cave |    683 |    683 |      0 |    462 |      0 |   1 |  683.0 |
       Volcano |    345 |    345 |      0 |     96 |     50 |   1 |  345.0 |
      Gauntlet |    567 |    567 |      0 |    231 |    195 |   1 |  567.0 |
               +--------+--------+--------+--------+--------+-----+--------+

Top non-repeatable levels by time:
 Snake:3: 3413 daAuts
    D:13: 2628 daAuts
 Snake:4: 2243 daAuts
    D:11: 2141 daAuts
     D:6: 1901 daAuts
  Lair:4: 1626 daAuts
   Orc:2: 1554 daAuts
 Snake:1: 1542 daAuts
  Lair:5: 1426 daAuts
   Orc:1: 1422 daAuts
Vaults:1: 1347 daAuts
     D:4: 1284 daAuts
  Lair:3: 1282 daAuts
    D:12: 1276 daAuts
    D:14: 1274 daAuts
